[ AOE2 MATCH · #480094441 ]
Team RMMaya vs Malians
[ REPLAY ANALYSIS · EXTRACTED FROM THE RECORDED GAME ]
Feudal
11:42
Castle
27:41
Imperial
53:49
| APM avg | 30.6 |
| APM peak | 81 |
| eAPM avg | 15.7 |
| Villagers / military | 105 / 178 |
Focus
⚔️ 45.2% · 🌾 54.8%
Archer ×151 · Skirmisher ×25 · Monk ×1 · Trebuchet (Packed) ×1
Feudal
8:51
Castle
20:51
Imperial
48:18
| APM avg | 38.0 |
| APM peak | 69 |
| eAPM avg | 25.6 |
| Villagers / military | 203 / 340 |
Focus
⚔️ 29.5% · 🌾 70.5%
Scout Cavalry ×144 · Knight ×124 · Camel Scout ×48 · Archer ×19 · Monk ×2 · Spearman ×1
Feudal
9:27
Castle
22:32
Imperial
42:32
| APM avg | 38.8 |
| APM peak | 70 |
| eAPM avg | 22.9 |
| Villagers / military | 260 / 197 |
Focus
⚔️ 31.6% · 🌾 68.4%
Spearman ×100 · Knight ×81 · Scout Cavalry ×9 · Trebuchet (Packed) ×5 · Monk ×2
Feudal
9:24
Castle
23:01
Imperial
45:26
| APM avg | 41.7 |
| APM peak | 98 |
| eAPM avg | 28.4 |
| Villagers / military | 236 / 392 |
Focus
⚔️ 47.3% · 🌾 52.7%
Militia ×367 · Monk ×10 · Gbeto ×6 · Mangonel ×3 · Spearman ×3 · Trebuchet (Packed) ×3
Match map
Resources at game start + every placement click. Thick line = wall · dashed box = detected house wall. 🟡 gold · ⚪ stone · 🟢 berries · 🔶 boar · ⭕ relic
Inputs per minute
— SlappyGJ - - Sigi
Build order — SlappyGJ
First 150 of 388 actions detected
| 0:05 | Build | House |
| 0:07 | Build | House |
| 0:09 | Research | Loom |
| 0:10 | Create | Villager (Male) ×3 |
| 0:10 | Create | Villager (Male) ×3 |
| 1:32 | Create | Villager (Male) |
| 1:32 | Create | Villager (Male) |
| 2:20 | Create | Villager (Male) |
| 2:20 | Create | Villager (Male) |
| 2:35 | Create | Villager (Male) |
| 2:36 | Create | Villager (Male) |
| 2:57 | Create | Villager (Male) |
| 2:58 | Create | Villager (Male) |
| 3:28 | Create | Villager (Male) |
| 3:28 | Create | Villager (Male) |
| 3:38 | Create | Villager (Male) |
| 3:38 | Create | Villager (Male) |
| 4:06 | Build | House |
| 4:08 | Build | House |
| 4:15 | Build | Palisade Wall |
| 4:17 | Create | Villager (Male) |
| 4:18 | Create | Villager (Male) |
| 4:34 | Build | Lumber Camp |
| 4:37 | Create | Villager (Male) |
| 4:43 | Build | Mill |
| 5:19 | Create | Villager (Male) |
| 5:26 | Create | Villager (Male) |
| 6:00 | Build | Palisade Wall |
| 6:09 | Build | Palisade Wall |
| 6:11 | Build | Palisade Wall |
| 6:13 | Build | Palisade Wall |
| 6:14 | Create | Villager (Male) |
| 6:14 | Create | Villager (Male) |
| 6:19 | Create | Villager (Male) |
| 6:19 | Create | Villager (Male) |
| 6:36 | Build | Palisade Wall |
| 6:52 | Build | Palisade Wall |
| 6:55 | Build | Palisade Wall |
| 6:58 | Create | Villager (Male) |
| 6:59 | Create | Villager (Male) |
| 6:59 | Create | Villager (Male) |
| 6:59 | Create | Villager (Male) |
| 7:22 | Create | Villager (Male) |
| 7:36 | Build | Mining Camp |
| 8:29 | Create | Villager (Male) |
| 9:32 | Research | Feudal Age |
| 9:55 | Build | Barracks |
| 10:07 | Build | House |
| 10:09 | Build | House |
| 10:16 | Create | Villager (Male) |
| 10:16 | Create | Villager (Male) |
| 11:42 | Age | Feudal Age |
| 11:57 | Build | Archery Range |
| 12:42 | Create | Archer |
| 12:42 | Create | Archer |
| 12:48 | Create | Archer |
| 14:17 | Create | Archer |
| 14:17 | Create | Archer |
| 14:36 | Build | Stone Wall |
| 14:38 | Build | Stone Wall |
| 15:00 | Create | Archer |
| 15:02 | Create | Villager (Male) |
| 15:02 | Create | Villager (Male) |
| 16:06 | Create | Archer |
| 16:06 | Create | Archer |
| 16:29 | Create | Villager (Male) |
| 16:29 | Create | Villager (Male) |
| 16:38 | Build | Farm |
| 16:38 | Build | Farm |
| 16:38 | Build | Farm |
| 16:53 | Build | Mining Camp |
| 17:05 | Build | Farm |
| 17:08 | Create | Villager (Male) |
| 17:09 | Create | Villager (Male) |
| 17:14 | Build | House |
| 17:16 | Build | House |
| 17:16 | Build | House |
| 17:21 | Create | Archer |
| 17:22 | Create | Archer |
| 17:29 | Build | House |
| 17:46 | Build | Stone Wall |
| 17:48 | Build | Stone Wall |
| 17:51 | Build | Stone Wall |
| 17:56 | Create | Villager (Male) |
| 18:01 | Build | Farm |
| 18:03 | Research | Double-Bit Axe |
| 18:03 | Create | Archer |
| 18:08 | Research | Horse Collar |
| 18:20 | Build | Farm |
| 18:23 | Create | Villager (Male) |
| 18:40 | Build | Farm |
| 18:56 | Create | Archer |
| 18:58 | Create | Villager (Male) |
| 19:03 | Build | Farm |
| 19:17 | Build | Building 490 |
| 19:24 | Create | Archer |
| 19:25 | Create | Villager (Male) |
| 19:25 | Create | Villager (Male) |
| 19:44 | Build | Blacksmith |
| 20:31 | Create | Archer |
| 20:33 | Create | Villager (Male) |
| 20:33 | Create | Villager (Male) |
| 20:55 | Build | Farm |
| 20:59 | Build | Farm |
| 21:03 | Build | Farm |
| 21:05 | Research | Fletching |
| 21:06 | Research | Padded Archer Armor |
| 21:13 | Create | Archer |
| 21:17 | Create | Archer |
| 21:40 | Create | Villager (Male) |
| 21:41 | Create | Villager (Male) |
| 22:02 | Build | Market |
| 22:18 | Create | Villager (Male) |
| 22:20 | Create | Archer |
| 22:38 | Create | Archer |
| 22:47 | Create | Villager (Male) |
| 23:07 | Build | House |
| 23:08 | Build | House |
| 23:10 | Build | House |
| 23:11 | Build | House |
| 23:13 | Build | House |
| 23:15 | Build | House |
| 23:16 | Build | House |
| 23:17 | Build | House |
| 23:29 | Build | Stone Wall |
| 23:31 | Build | Stone Wall |
| 23:36 | Build | Stone Wall |
| 23:38 | Build | Stone Wall |
| 23:40 | Build | Stone Wall |
| 23:46 | Build | Stone Wall |
| 25:01 | Research | Castle Age |
| 25:07 | Create | Archer |
| 25:07 | Create | Archer |
| 25:13 | Create | Archer |
| 26:19 | Build | Building 490 |
| 26:27 | Build | Stone Wall |
| 26:28 | Build | Stone Wall |
| 26:32 | Build | Stone Wall |
| 26:54 | Research | Gold Mining |
| 27:25 | Research | Wheelbarrow |
| 27:29 | Create | Archer |
| 27:30 | Create | Archer |
| 27:41 | Age | Castle Age |
| 27:52 | Research | Crossbowman (upgrade) |
| 28:07 | Build | Farm |
| 28:07 | Build | Farm |
| 28:07 | Build | Farm |
| 28:07 | Build | Farm |
| 28:22 | Build | Archery Range |
| 28:31 | Build | Archery Range |
Build order — Sigi
First 150 of 651 actions detected
| 0:00 | Create | Villager (Male) |
| 0:01 | Create | Villager (Male) |
| 0:02 | Build | House |
| 0:03 | Build | House |
| 0:03 | Create | Villager (Male) |
| 0:03 | Create | Villager (Male) |
| 1:24 | Create | Villager (Male) |
| 1:49 | Build | Lumber Camp |
| 1:59 | Create | Villager (Male) |
| 2:28 | Create | Villager (Male) |
| 2:55 | Create | Villager (Male) |
| 3:03 | Create | Villager (Male) |
| 3:28 | Create | Villager (Male) |
| 3:49 | Build | House |
| 3:54 | Create | Villager (Male) |
| 4:20 | Create | Villager (Male) |
| 4:31 | Build | Mill |
| 4:33 | Build | Mill |
| 4:57 | Create | Villager (Male) |
| 4:58 | Create | Villager (Male) |
| 5:11 | Create | Villager (Male) |
| 5:32 | Research | Loom |
| 5:34 | Create | Villager (Male) |
| 6:37 | Research | Feudal Age |
| 6:57 | Create | Villager (Male) |
| 7:02 | Create | Villager (Male) |
| 8:09 | Build | House |
| 8:45 | Create | Villager (Male) |
| 8:51 | Age | Feudal Age |
| 8:56 | Build | Town Center |
| 8:57 | Create | Villager (Male) |
| 8:59 | Research | Double-Bit Axe |
| 9:13 | Build | House |
| 9:32 | Research | Horse Collar |
| 9:34 | Create | Villager (Male) |
| 9:43 | Create | Villager (Male) |
| 9:47 | Build | Palisade Wall |
| 9:52 | Create | Villager (Male) |
| 9:56 | Build | House |
| 9:59 | Build | Palisade Wall |
| 10:00 | Build | Palisade Wall |
| 10:02 | Build | Palisade Wall |
| 10:04 | Build | House |
| 10:08 | Build | Palisade Wall |
| 10:15 | Build | Palisade Wall |
| 10:20 | Create | Villager (Male) |
| 10:36 | Build | House |
| 10:40 | Create | Villager (Male) |
| 11:11 | Build | House |
| 11:13 | Build | Palisade Wall |
| 11:22 | Create | Villager (Male) |
| 11:31 | Build | Farm |
| 11:33 | Build | Farm |
| 11:48 | Build | Farm |
| 11:49 | Build | Farm |
| 11:51 | Build | Farm |
| 11:52 | Create | Villager (Male) |
| 11:54 | Build | Farm |
| 12:16 | Build | Barracks |
| 12:26 | Create | Villager (Male) |
| 12:45 | Build | Farm |
| 12:51 | Build | Farm |
| 12:53 | Build | Farm |
| 12:54 | Create | Villager (Male) |
| 13:02 | Create | Villager (Male) |
| 13:03 | Create | Villager (Male) |
| 13:18 | Build | Stable |
| 13:28 | Build | Farm |
| 13:28 | Create | Villager (Male) |
| 13:32 | Build | Farm |
| 13:34 | Build | Farm |
| 13:39 | Create | Villager (Male) |
| 13:56 | Build | Farm |
| 13:57 | Create | Villager (Male) |
| 14:12 | Build | Lumber Camp |
| 14:15 | Create | Villager (Male) |
| 14:18 | Create | Villager (Male) |
| 14:19 | Build | Farm |
| 14:30 | Create | Villager (Male) |
| 14:50 | Build | Farm |
| 14:51 | Build | Farm |
| 14:54 | Build | Farm |
| 14:54 | Build | Farm |
| 14:54 | Build | Farm |
| 14:54 | Build | Farm |
| 14:55 | Build | Farm |
| 14:55 | Build | Farm |
| 15:02 | Build | Farm |
| 15:27 | Create | Villager (Male) |
| 15:48 | Create | Villager (Male) |
| 15:50 | Build | Archery Range |
| 15:55 | Create | Villager (Male) |
| 15:57 | Build | Market |
| 16:11 | Build | Farm |
| 16:12 | Create | Villager (Male) |
| 16:14 | Create | Villager (Male) |
| 16:15 | Create | Villager (Male) |
| 16:17 | Build | House |
| 16:18 | Build | House |
| 16:23 | Build | Palisade Wall |
| 16:33 | Create | Villager (Male) |
| 16:36 | Build | House |
| 16:41 | Build | House |
| 16:42 | Create | Villager (Male) |
| 16:43 | Build | House |
| 16:59 | Build | Farm |
| 17:01 | Build | Farm |
| 17:21 | Build | Farm |
| 17:24 | Build | Farm |
| 17:33 | Build | Farm |
| 17:37 | Build | Palisade Gate |
| 17:40 | Build | Palisade Wall |
| 17:50 | Create | Villager (Male) |
| 17:55 | Build | Farm |
| 18:05 | Create | Archer |
| 18:05 | Create | Archer |
| 18:11 | Research | Castle Age |
| 18:12 | Create | Villager (Male) |
| 18:22 | Build | House |
| 18:24 | Build | House |
| 18:48 | Create | Villager (Male) |
| 18:50 | Build | Blacksmith |
| 18:56 | Create | Villager (Male) |
| 19:26 | Build | Stable |
| 19:37 | Create | Villager (Male) |
| 19:44 | Build | Stable |
| 19:53 | Build | Mining Camp |
| 20:51 | Age | Castle Age |
| 20:53 | Create | Knight ×5 |
| 20:54 | Create | Villager (Male) |
| 21:19 | Create | Knight |
| 21:20 | Create | Knight |
| 21:20 | Create | Knight |
| 21:28 | Build | Palisade Wall |
| 21:29 | Build | Palisade Wall |
| 21:33 | Create | Villager (Male) |
| 21:39 | Build | Town Center |
| 21:48 | Create | Villager (Male) |
| 21:53 | Research | Bloodlines |
| 21:54 | Create | Villager (Male) |
| 21:55 | Create | Villager (Male) |
| 21:55 | Create | Villager (Male) |
| 22:02 | Build | Palisade Wall |
| 22:14 | Create | Knight |
| 22:43 | Create | Villager (Male) |
| 22:44 | Create | Villager (Male) |
| 22:46 | Create | Villager (Male) |
| 22:55 | Create | Villager (Male) |
| 23:00 | Build | Town Center |
| 23:17 | Research | Scale Barding Armor |
Build order — 404SkillNotFound
First 150 of 642 actions detected
| 0:01 | Create | Villager (Male) ×4 |
| 0:02 | Build | House |
| 0:04 | Build | House |
| 1:23 | Create | Villager (Male) |
| 2:03 | Create | Villager (Male) |
| 2:03 | Create | Villager (Male) |
| 2:06 | Create | Villager (Male) |
| 2:10 | Build | Lumber Camp |
| 2:57 | Create | Villager (Male) |
| 2:57 | Create | Villager (Male) |
| 3:50 | Create | Villager (Male) |
| 3:50 | Create | Villager (Male) |
| 4:08 | Create | Villager (Male) |
| 4:46 | Research | Loom |
| 4:53 | Build | House |
| 5:00 | Create | Villager (Male) |
| 5:00 | Create | Villager (Male) |
| 5:03 | Create | Villager (Male) |
| 5:08 | Create | Villager (Male) |
| 5:38 | Create | Villager (Male) |
| 5:42 | Build | Mill |
| 5:46 | Create | Villager (Male) |
| 7:16 | Research | Feudal Age |
| 7:37 | Create | Villager (Male) |
| 8:37 | Create | Villager (Male) |
| 8:38 | Create | Villager (Male) |
| 8:52 | Build | House |
| 8:59 | Build | Barracks |
| 9:27 | Age | Feudal Age |
| 9:32 | Research | Double-Bit Axe |
| 9:50 | Build | Stable |
| 10:01 | Build | House |
| 10:07 | Build | Palisade Wall |
| 10:16 | Create | Villager (Male) |
| 10:21 | Build | Palisade Wall |
| 10:22 | Create | Villager (Male) |
| 10:40 | Build | House |
| 10:42 | Build | Palisade Wall |
| 11:12 | Create | Villager (Male) |
| 11:27 | Build | Farm |
| 11:31 | Build | Farm |
| 11:34 | Build | Farm |
| 11:34 | Create | Villager (Male) |
| 11:38 | Create | Scout Cavalry |
| 11:38 | Create | Scout Cavalry |
| 11:38 | Create | Scout Cavalry |
| 11:41 | Build | House |
| 11:44 | Create | Villager (Male) |
| 11:56 | Create | Villager (Male) |
| 11:58 | Build | Palisade Wall |
| 12:04 | Build | Palisade Wall |
| 12:09 | Build | Palisade Wall |
| 12:16 | Create | Villager (Male) |
| 12:23 | Build | House |
| 12:24 | Build | House |
| 12:25 | Create | Villager (Male) |
| 12:36 | Build | Farm |
| 12:39 | Build | Farm |
| 12:49 | Create | Villager (Male) |
| 13:00 | Build | Building 804 |
| 13:02 | Build | House |
| 13:04 | Build | Palisade Wall |
| 13:29 | Build | Mining Camp |
| 13:32 | Build | Farm |
| 13:34 | Build | Farm |
| 13:49 | Create | Villager (Male) |
| 14:15 | Build | Blacksmith |
| 14:32 | Create | Villager (Male) |
| 14:34 | Create | Villager (Male) |
| 14:41 | Create | Villager (Male) |
| 14:41 | Create | Scout Cavalry |
| 14:42 | Create | Scout Cavalry |
| 14:50 | Build | Farm |
| 14:51 | Build | Farm |
| 15:02 | Build | Farm |
| 15:04 | Build | Farm |
| 15:09 | Build | Palisade Wall |
| 15:12 | Build | House |
| 15:13 | Build | House |
| 15:15 | Create | Villager (Male) |
| 15:45 | Create | Villager (Male) |
| 15:47 | Build | Farm |
| 15:49 | Build | Farm |
| 15:51 | Build | Farm |
| 16:01 | Create | Scout Cavalry |
| 16:02 | Create | Scout Cavalry |
| 16:05 | Build | Farm |
| 16:06 | Build | Farm |
| 16:07 | Build | Farm |
| 16:08 | Build | Farm |
| 16:09 | Build | Farm |
| 16:11 | Create | Villager (Male) |
| 16:15 | Build | House |
| 16:27 | Build | Farm |
| 16:32 | Build | Farm |
| 16:33 | Create | Scout Cavalry |
| 16:44 | Research | Scale Barding Armor |
| 16:46 | Research | Forging |
| 16:49 | Build | Farm |
| 16:52 | Build | Farm |
| 16:56 | Create | Villager (Male) |
| 17:06 | Build | Palisade Wall |
| 17:12 | Create | Villager (Male) |
| 17:17 | Build | Farm |
| 17:19 | Build | Farm |
| 17:24 | Create | Villager (Male) |
| 18:14 | Create | Villager (Male) |
| 18:21 | Research | Wheelbarrow |
| 18:37 | Research | Scale Barding Armor |
| 18:41 | Create | Villager (Male) |
| 19:16 | Build | House |
| 19:18 | Build | House |
| 19:19 | Build | House |
| 19:20 | Build | House |
| 19:42 | Research | Castle Age |
| 20:37 | Create | Villager (Male) |
| 20:37 | Create | Villager (Male) |
| 20:37 | Create | Villager (Male) |
| 20:53 | Create | Villager (Male) |
| 21:26 | Build | Stable |
| 22:10 | Build | House |
| 22:12 | Build | House |
| 22:12 | Build | House |
| 22:13 | Build | House |
| 22:14 | Build | House |
| 22:15 | Build | House |
| 22:31 | Research | Town Watch |
| 22:32 | Age | Castle Age |
| 22:37 | Create | Knight |
| 22:38 | Create | Knight |
| 23:12 | Build | Market |
| 23:15 | Create | Villager (Male) |
| 23:16 | Create | Knight |
| 23:17 | Create | Knight |
| 23:28 | Build | House |
| 23:51 | Build | House |
| 23:53 | Build | House |
| 24:25 | Build | Town Center |
| 24:27 | Build | Farm |
| 24:27 | Build | Farm |
| 25:29 | Create | Villager (Male) |
| 25:29 | Create | Villager (Male) |
| 25:54 | Build | Market |
| 25:58 | Build | House |
| 25:59 | Build | House |
| 26:01 | Build | House |
| 26:03 | Create | Villager (Male) |
| 26:03 | Create | Villager (Male) |
| 26:04 | Create | Villager (Male) |
| 26:04 | Create | Villager (Male) |
Build order — CoreLock
First 150 of 813 actions detected
| 0:01 | Create | Villager (Male) |
| 0:02 | Build | House |
| 0:03 | Build | House |
| 0:04 | Create | Villager (Male) |
| 0:09 | Create | Villager (Male) |
| 0:14 | Create | Villager (Male) |
| 1:28 | Create | Villager (Male) |
| 1:59 | Create | Villager (Male) |
| 1:59 | Create | Villager (Male) |
| 2:15 | Create | Villager (Male) |
| 2:15 | Create | Villager (Male) |
| 2:57 | Create | Villager (Male) |
| 2:57 | Create | Villager (Male) |
| 2:57 | Create | Villager (Male) |
| 3:12 | Build | Lumber Camp |
| 3:40 | Build | House |
| 3:44 | Create | Villager (Male) |
| 3:45 | Create | Villager (Male) |
| 3:45 | Create | Villager (Male) |
| 3:56 | Create | Villager (Male) |
| 3:56 | Create | Villager (Male) |
| 4:41 | Create | Villager (Male) |
| 5:18 | Create | Villager (Male) |
| 5:18 | Create | Villager (Male) |
| 5:58 | Research | Loom |
| 6:30 | Build | Barracks |
| 6:38 | Create | Villager (Male) |
| 7:14 | Research | Feudal Age |
| 7:14 | Research | Feudal Age |
| 7:27 | Build | Mill |
| 8:31 | Create | Militia |
| 8:31 | Create | Militia |
| 8:32 | Create | Militia |
| 8:36 | Build | House |
| 8:56 | Build | Mining Camp |
| 9:17 | Create | Villager (Male) |
| 9:24 | Age | Feudal Age |
| 9:36 | Build | House |
| 9:41 | Build | Farm |
| 9:43 | Research | Double-Bit Axe |
| 9:51 | Create | Militia |
| 9:51 | Create | Militia |
| 9:54 | Create | Villager (Male) |
| 9:59 | Build | Farm |
| 10:02 | Build | Palisade Wall |
| 10:07 | Build | House |
| 10:08 | Build | Palisade Wall |
| 10:11 | Create | Villager (Male) |
| 10:31 | Build | Farm |
| 10:32 | Build | Farm |
| 10:40 | Create | Villager (Male) |
| 10:50 | Build | Farm |
| 10:51 | Build | Farm |
| 10:52 | Create | Villager (Male) |
| 11:16 | Build | Farm |
| 11:16 | Build | Farm |
| 11:17 | Create | Villager (Male) |
| 11:27 | Research | Man-at-Arms (upgrade) |
| 11:29 | Create | Villager (Male) |
| 11:36 | Create | Villager (Male) |
| 11:41 | Build | Farm |
| 12:06 | Build | Farm |
| 12:08 | Create | Villager (Male) |
| 12:16 | Create | Militia |
| 12:16 | Create | Militia |
| 12:28 | Create | Militia |
| 12:28 | Create | Militia |
| 12:40 | Create | Militia |
| 12:41 | Create | Militia |
| 12:47 | Build | Farm |
| 12:47 | Build | Farm |
| 12:47 | Build | Farm |
| 12:48 | Create | Villager (Male) |
| 12:48 | Create | Villager (Male) |
| 12:59 | Create | Villager (Male) |
| 13:18 | Build | Farm |
| 13:18 | Build | Farm |
| 13:19 | Build | Farm |
| 13:21 | Create | Militia |
| 13:21 | Create | Militia |
| 13:25 | Build | House |
| 13:38 | Create | Villager (Male) |
| 13:53 | Build | Farm |
| 13:55 | Create | Militia |
| 13:55 | Create | Militia |
| 14:13 | Create | Villager (Male) |
| 14:15 | Build | House |
| 14:17 | Create | Militia |
| 14:17 | Create | Militia |
| 14:36 | Build | Farm |
| 14:36 | Build | Farm |
| 14:36 | Build | Farm |
| 14:44 | Create | Villager (Male) |
| 14:48 | Build | House |
| 14:57 | Build | House |
| 14:59 | Create | Villager (Male) |
| 15:16 | Build | Farm |
| 15:16 | Build | Farm |
| 15:16 | Build | Farm |
| 15:17 | Create | Villager (Male) |
| 15:54 | Build | Farm |
| 15:55 | Build | Farm |
| 15:55 | Build | Farm |
| 15:55 | Build | Farm |
| 16:01 | Create | Villager (Male) |
| 16:01 | Create | Villager (Male) |
| 16:01 | Create | Villager (Male) |
| 16:27 | Build | Blacksmith |
| 16:29 | Build | House |
| 16:32 | Create | Villager (Male) |
| 16:45 | Build | Farm |
| 16:54 | Create | Militia |
| 17:06 | Build | Barracks |
| 17:13 | Research | Scale Mail Armor |
| 17:15 | Create | Militia |
| 17:15 | Create | Militia |
| 17:51 | Create | Villager (Male) |
| 17:56 | Build | Farm |
| 17:56 | Build | Farm |
| 17:56 | Build | Farm |
| 17:59 | Create | Villager (Male) |
| 18:23 | Create | Villager (Male) |
| 18:34 | Create | Villager (Male) |
| 18:52 | Build | Farm |
| 19:06 | Create | Villager (Male) |
| 19:20 | Create | Villager (Male) |
| 19:28 | Build | Market |
| 19:31 | Create | Villager (Male) |
| 19:33 | Build | Farm |
| 19:33 | Build | Farm |
| 19:33 | Build | Farm |
| 20:12 | Research | Castle Age |
| 20:13 | Research | Castle Age |
| 20:16 | Create | Militia |
| 20:16 | Create | Militia |
| 20:17 | Create | Militia |
| 20:37 | Create | Militia |
| 20:37 | Create | Militia |
| 20:39 | Build | Farm |
| 20:39 | Build | Farm |
| 20:40 | Build | Farm |
| 20:44 | Create | Villager (Male) |
| 20:54 | Build | Farm |
| 20:54 | Build | Farm |
| 20:55 | Create | Villager (Male) |
| 20:57 | Create | Villager (Male) |
| 20:59 | Build | House |
| 21:00 | Create | Villager (Male) |
| 21:04 | Build | House |
| 21:05 | Build | House |
Match timeline
| 4:15 | SlappyGJ · wall_segment Palisade Wall x8 |
| 6:00 | SlappyGJ · wall_segment Palisade Wall x2 |
| 6:09 | SlappyGJ · wall_segment Palisade Wall x5 |
| 6:11 | SlappyGJ · wall_segment Palisade Wall x12 |
| 6:13 | SlappyGJ · wall_segment Palisade Wall x3 |
| 6:30 | CoreLock · first_building Barracks |
| 6:36 | SlappyGJ · wall_segment Palisade Wall x4 |
| 6:52 | SlappyGJ · wall_segment Palisade Wall x7 |
| 6:55 | SlappyGJ · wall_segment Palisade Wall x11 |
| 8:51 | Sigi · age_up feudal |
| 8:59 | 404SkillNotFound · first_building Barracks |
| 9:24 | CoreLock · age_up feudal |
| 9:27 | 404SkillNotFound · age_up feudal |
| 9:47 | Sigi · wall_segment Palisade Wall x6 |
| 9:50 | 404SkillNotFound · first_building Stable |
| 9:55 | SlappyGJ · first_building Barracks |
| 9:59 | Sigi · wall_segment Palisade Wall x1 |
| 10:00 | Sigi · wall_segment Palisade Wall x1 |
| 10:02 | Sigi · wall_segment Palisade Wall x1 |
| 10:02 | CoreLock · wall_segment Palisade Wall x1 |
| 10:07 | 404SkillNotFound · wall_segment Palisade Wall x21 |
| 10:08 | Sigi · wall_segment Palisade Wall x2 |
| 10:08 | CoreLock · wall_segment Palisade Wall x1 |
| 10:15 | Sigi · wall_segment Palisade Wall x1 |
| 10:21 | 404SkillNotFound · wall_segment Palisade Wall x22 |
| 10:42 | 404SkillNotFound · wall_segment Palisade Wall x1 |
| 11:13 | Sigi · wall_segment Palisade Wall x13 |
| 11:42 | SlappyGJ · age_up feudal |
| 11:57 | SlappyGJ · first_building Archery Range |
| 11:58 | 404SkillNotFound · wall_segment Palisade Wall x1 |
| 12:04 | 404SkillNotFound · wall_segment Palisade Wall x1 |
| 12:09 | 404SkillNotFound · wall_segment Palisade Wall x1 |
| 12:16 | Sigi · first_building Barracks |
| 13:04 | 404SkillNotFound · wall_segment Palisade Wall x6 |
| 13:18 | Sigi · first_building Stable |
| 14:36 | SlappyGJ · wall_segment Stone Wall x14 |
| 14:38 | SlappyGJ · wall_segment Stone Wall x5 |
| 15:09 | 404SkillNotFound · wall_segment Palisade Wall x1 |
| 15:50 | Sigi · first_building Archery Range |
| 16:23 | Sigi · wall_segment Palisade Wall x1 |
| 17:06 | 404SkillNotFound · wall_segment Palisade Wall x1 |
| 17:40 | Sigi · wall_segment Palisade Wall x1 |
| 17:46 | SlappyGJ · wall_segment Stone Wall x6 |
| 17:48 | SlappyGJ · wall_segment Stone Wall x6 |
| 17:51 | SlappyGJ · wall_segment Stone Wall x7 |
| 20:51 | Sigi · age_up castle |
| 21:28 | Sigi · wall_segment Palisade Wall x1 |
| 21:29 | Sigi · wall_segment Palisade Wall x1 |
| 22:02 | Sigi · wall_segment Palisade Wall x1 |
| 22:32 | 404SkillNotFound · age_up castle |
| 22:54 | Sigi · first_market_buy 100 stone |
| 23:01 | CoreLock · age_up castle |
| 23:29 | SlappyGJ · wall_segment Stone Wall x4 |
| 23:31 | SlappyGJ · wall_segment Stone Wall x9 |
| 23:36 | SlappyGJ · wall_segment Stone Wall x6 |
| 23:37 | Sigi · first_building Monastery |
| 23:38 | SlappyGJ · wall_segment Stone Wall x2 |
| 23:40 | SlappyGJ · wall_segment Stone Wall x1 |
| 23:46 | SlappyGJ · wall_segment Stone Wall x3 |
| 26:27 | SlappyGJ · wall_segment Stone Wall x9 |
| 26:28 | SlappyGJ · wall_segment Stone Wall x2 |
| 26:32 | SlappyGJ · wall_segment Stone Wall x6 |
| 26:35 | 404SkillNotFound · wall_segment Palisade Wall x1 |
| 26:41 | CoreLock · wall_segment Palisade Wall x3 |
| 26:47 | CoreLock · wall_segment Palisade Wall x1 |
| 27:41 | SlappyGJ · age_up castle |
| 31:30 | CoreLock · wall_segment Palisade Wall x1 |
| 31:46 | CoreLock · first_building Monastery |
| 32:24 | SlappyGJ · first_market_sell 100 wood |
| 33:22 | CoreLock · first_market_buy 100 food |
| 33:54 | SlappyGJ · wall_segment Stone Wall x6 |
| 33:56 | SlappyGJ · wall_segment Stone Wall x11 |
| 36:02 | CoreLock · first_building Siege Workshop |
| 36:35 | CoreLock · first_building Castle |
| 37:51 | SlappyGJ · first_building Castle |
| 38:02 | 404SkillNotFound · first_building Castle |
| 38:10 | 404SkillNotFound · first_building Monastery |
| 38:30 | 404SkillNotFound · first_market_sell 100 food |
| 42:02 | CoreLock · wall_segment Palisade Wall x1 |
| 42:02 | SlappyGJ · first_market_buy 100 wood |
| 42:30 | CoreLock · wall_segment Palisade Wall x1 |
| 42:32 | 404SkillNotFound · age_up imperial |
| 44:44 | Sigi · first_building Castle |
| 45:26 | CoreLock · age_up imperial |
| 45:48 | SlappyGJ · first_building Monastery |
| 48:18 | Sigi · age_up imperial |
| 48:31 | 404SkillNotFound · wall_segment Stone Wall x1 |
| 48:35 | CoreLock · first_market_sell 100 food |
| 48:37 | 404SkillNotFound · wall_segment Stone Wall x13 |
| 48:43 | Sigi · first_market_sell 100 food |
| 48:56 | SlappyGJ · wall_segment Stone Wall x1 |
| 50:34 | Sigi · tribute_sent a jugador 2 |
| 50:34 | Sigi · tribute_sent a jugador 3 |
| 50:34 | Sigi · tribute_sent a jugador 4 |
| 53:39 | 404SkillNotFound · first_market_buy 100 stone |
| 53:49 | SlappyGJ · age_up imperial |
| 56:34 | SlappyGJ · wall_segment Stone Wall x11 |
| 58:55 | CoreLock · first_building Archery Range |
| 59:20 | Sigi · resign |
[ AI ANALYSIS · 1 CREDIT ]
What really happened in this match?
Wolo.gg analyzes every decision: build order, eco, micro, common mistakes by bracket. Personalized analysis on WhatsApp or Discord in 30 seconds.
Civ guide
Maya
Map guide
Arabia
Perfil
SlappyGJ